 Dungeon Crawl Stone Soup version 0.17.2-1-ge4368a0 (webtiles) character file.

136 Goblin1989 the Skirmisher (level 4, -6/37 HPs)
             Began as a Demonspawn Wanderer on Oct 23, 2016.
             Splashed by an oklob sapling's acid (10 damage)
             ... on level 4 of the Dungeon.
             The game lasted 00:12:05 (2349 turns).

Goblin1989 the Skirmisher (Demonspawn Wanderer)     Turns: 2349, Time: 00:12:05

Health: -6/37      AC:  5    Str: 10    XL:     4   Next: 98%
Magic:  4/4        EV:  7    Int: 14    God:
Gold:   126        SH:  4    Dex: 16    Spells: 0 memorised, 3 levels left

rFire  . . .     SeeInvis .     b - +0 spear (flame)
rCold  . . .     Clarity  .     q - +0 scale mail
rNeg   . . .     SustAt   .     t - +0 buckler (curse)
rPois  .         Gourm    .     (no helmet)
rElec  .         Spirit   .     h - +2 cloak
rCorr  .         Warding  .     (no gloves)
rMut   .         Stasis   .     (no boots)
MR     .....                    (no amulet)
Stlth  +.........               x - -2 ring of strength (curse)
                                v - +3 ring of dexterity

@: corroded equipment, not resistant to hostile enchantments, very unstealthy
A: demonic guardian 1, nightstalker 1
a: no special abilities


You were on level 4 of the Dungeon.
You were not hungry.

You visited 1 branch of the dungeon, and saw 4 of its levels.

You collected 126 gold pieces.

Inventory:

Hand Weapons
 a - a +2 hand crossbow
 b - a +0 spear of flaming (weapon)
Missiles
 f - 20 bolts
Armour
 h - a +2 cloak (worn)
 q - a +0 scale mail (worn)
 t - a cursed +0 buckler (worn)
Jewellery
 l - an uncursed ring of fire
 v - a +3 ring of dexterity (left hand)
 x - a cursed -2 ring of strength (right hand)
Wands
 u - a wand of digging (11)
Scrolls
 c - a scroll of fear {unknown}
 g - a scroll of enchant weapon {unknown}
 i - a scroll of immolation {unknown}
 j - 3 scrolls of identify {unknown}
 k - 3 scrolls of remove curse {unknown}
 m - a scroll of blinking {unknown}
 n - 4 scrolls of fog {unknown}
 o - a scroll of recharging {unknown}
 p - a scroll of enchant armour {unknown}
 r - a scroll of magic mapping {unknown}
 T - 5 scrolls of teleportation {!r, @r4}
Potions
 d - a potion of resistance {unknown}
 z - a potion of lignification {!q}
Comestibles
 e - 5 bread rations {@e1}
 s - a royal jelly


   Skills:
 + Level 4.3 Fighting
 * Level 3.4 Polearms
   Level 1.0 Bows
 - Level 1.0 Crossbows
 + Level 2.0 Armour
 - Level 1.0 Stealth
 + Level 1.6 Shields


You had 3 spell levels left.
You didn't know any spells.

Dungeon Overview and Level Annotations

Branches:
Dungeon (4/15)             Temple (0/1) D:4

Altars:

Annotations:
D:4 exclusion: oklob sapling


Innate Abilities, Weirdness & Mutations

A weak demonic guardian rushes to your aid.
You are slightly more attuned to the shadows.


Message History

You hit the plant. You burn the plant.
The plant is almost destroyed.
Your crimson imp hits the plant but does no damage.
You hit the plant but do no damage.
The plant is almost destroyed.
Your crimson imp hits the plant but does no damage.
You hit the plant. You burn the plant.
You destroy the plant!
Your crimson imp hits the plant but does no damage.
The oklob sapling spits acid at you. The splash of acid hits you!
The acid burns!
* * * LOW HITPOINT WARNING * * *
Your crimson imp blinks!
You take 26 damage, and have 11/37 hp.
MASSIVE DAMAGE!!
Your crimson imp hits the plant but does no damage.
The oklob sapling spits acid at you. The splash of acid hits you!
* * * LOW HITPOINT WARNING * * *
The acid corrodes you!
The acid burns!
You die...

....................█
.███.........████..█
█.█████████ █.)█ █.█
█..█ ██.██████ █..█
█.P..P5P█ █(.█
█..P.PP.███████..█
█.PP..P..........█
█5P?@PPP.███████.█


█PPPPP.P.█ █.████ █..PPPP.██ █....█ █.P.PP..█ █.██.█ █.██...██ █.██.█ █. ...██
█.██.█ . ████ █.██.█ █.██.█ █████.██.█ You could see an oklob sapling, a
friendly iron imp and a friendly crimson imp.

Vanquished Creatures
  A hound (D:4)
  An adder (D:3)
  3 gnolls (D:2)
  A shadow imp (D:4)
  An ooze (D:3)
  2 giant geckos (D:1)
  An orc (D:3)
  6 bats
  5 hobgoblins
  2 jackals (D:2)
  3 ball pythons
  2 giant cockroaches
  A giant newt (D:1)
  11 goblins
  16 kobolds
  A quokka (D:3)
  4 rats
  A plant (D:4)
62 creatures vanquished.

Vanquished Creatures (others)
  A plant (D:1)
1 creature vanquished.

Grand Total: 63 creatures vanquished

Notes
Turn   | Place    | Note
--------------------------------------------------------------
     0 | D:1      | Goblin1989 the Demonspawn Wanderer began the quest for the Orb.
     0 | D:1      | Goblin1989 set off with: a +2 hand crossbow, 20 bolts, a +0 ring mail, a potion of lignification {!q}, a bread ration {@e1}
     0 | D:1      | Reached XP level 1. HP: 19/19 MP: 1/1
   106 | D:1      | Reached skill level 1 in Polearms
   271 | D:1      | Gained mutation: You are slightly more attuned to the shadows. [demonic ancestry]
   271 | D:1      | Reached XP level 2. HP: 22/25 MP: 2/2
   767 | D:2      | Reached XP level 3. HP: 26/30 MP: 3/3
  1679 | D:3      | Gained mutation: A weak demonic guardian rushes to your aid. [demonic ancestry]
  1679 | D:3      | Reached XP level 4. HP: 33/37 MP: 4/4
  2294 | D:4      | Found a staircase to the Ecumenical Temple.
  2349 | D:4      | Splashed by an oklob sapling's acid

Action                   |  1- 3 |  4- 6 || total
-------------------------+-------+-------++-------
Melee: Spear             |   181 |   132 ||   313
  Use: Potion            |     3 |       ||     3
       Scroll            |       |     1 ||     1
 Stab: Sleeping          |     3 |     2 ||     5
  Eat: Meat ration       |     1 |       ||     1

Vault maps used:
D:1:      minmay_arrival_wavy_path, lexackson_kobold_supper
D:3:      first_bread
D:4:      minmay_temple_entry_oklob, kennysheep_minor_cross
